 Dungeon Crawl Stone Soup version 0.22-a0-284-g99d1f74 (webtiles) character file.

5157 Amnesiac the Thaumaturge (level 10, -2/56 HPs)
             Began as a Tengu Venom Mage on Mar 22, 2018.
             Was an Elder of Sif Muna.
             Slain by an orc priest
             ... wielding a +0 trident
              (6 damage)
             ... on level 9 of the Dungeon.
             The game lasted 00:23:55 (10090 turns).

Amnesiac the Thaumaturge (Tengu Venom Mage)        Turns: 10090, Time: 00:23:55

Health: -2/56      AC:  6    Str: 12    XL:     10   Next: 59%
Magic:  13/24      EV: 14    Int: 18    God:    Sif Muna [****..]
Gold:   175        SH:  0    Dex: 15    Spells: 11/28 levels left

rFire    + . .     SeeInvis .   D - +1 dagger (protect)
rCold    + . .     Gourm    .   (no shield)
rNeg     . . .     Faith    .   u - +2 leather armour {rC+}
rPois    .         Spirit   .   (helmet restricted)
rElec    .         Reflect  .   (no cloak)
rCorr    .         Harm     .   o - +0 pair of gloves
MR       .....                  (boots unavailable)
Stlth    ++........             (no amulet)
HPRegen  0.18/turn              k - ring of protection from fire
MPRegen  0.19/turn              H - ring "Furoqeig" {Wiz Str+3}

@: drained, divine energy
A: beak, talons 3, able to fly 1
a: Fly, Stop Divine Energy, Channel Magic, Forget Spell, Renounce Religion


You were on level 9 of the Dungeon.
You worshipped Sif Muna.
Sif Muna was greatly pleased with you.
You were hungry.

You visited 2 branches of the dungeon, and saw 10 of its levels.
You also visited: Sewer and Ossuary.

You collected 779 gold pieces.
You spent 604 gold pieces at shops.

Inventory:

Hand Weapons
 D - a +1 dagger of protection (weapon)
 E - the +2 mace of a ziggurat {crush, *Corrode Int+2 SInv}
   (You found it on level 6 of the Dungeon)

   It inflicts extra damage upon your enemies.
   It affects your intelligence (+2).
   It lets you see invisible.
   It may corrode you when you take damage.
Missiles
 e - 58 poisoned needles
Armour
 o - a +0 pair of gloves (worn)
 u - a +2 leather armour of cold resistance (worn)
 x - a +0 buckler
 N - a +2 shield
Jewellery
 h - an uncursed ring of fire
 k - a ring of protection from fire (left hand)
 t - an uncursed ring of ice
 C - an uncursed ring of protection from magic
 H - the ring "Furoqeig" (right hand) {Wiz Str+3}
   (You bought it in a shop on level 7 of the Dungeon)

   [ring of wizardry]

   It improves your spell success rate.
   It affects your strength (+3).
 L - an uncursed amulet of guardian spirit {unknown}
Wands
 w - a wand of iceblast (1)
 O - a wand of paralysis (9)
Scrolls
 a - 2 scrolls of fog {!r, unknown}
 g - 9 scrolls of remove curse {!r}
 j - 5 scrolls of enchant armour {!r}
 l - 6 scrolls of blinking {!r, unknown}
 q - 2 scrolls of amnesia {!r}
 r - 7 scrolls of teleportation {!r}
 s - a scroll of enchant weapon {!r, unknown}
 v - 4 scrolls of magic mapping {!r, unknown}
 y - 2 scrolls of summoning {!r}
 z - 5 scrolls of identify {!r}
 B - a scroll of fear {!r, unknown}
Potions
 b - 5 potions of flight {!q, unknown}
 d - 3 potions of heal wounds {!q, unknown}
 f - 2 potions of brilliance {!q}
 i - a potion of might {!q}
 m - 3 potions of curing {!q}
 n - 4 potions of lignification {!q}
 p - a potion of agility {!q}
 A - 2 potions of resistance {!q, unknown}
 F - a potion of degeneration {!q, unknown}
 G - a potion of invisibility {!q, unknown}
 I - 2 potions of magic {!q, unknown}
 J - a potion of haste {!q, unknown}
 M - a potion of ambrosia {!q, unknown}
Comestibles
 c - 24 rations


   Skills:
 - Level 3.7(3.1) Fighting
 - Level 5.2(4.6) Dodging
 - Level 2.0(1.4) Stealth
 - Level 9.5(8.8) Spellcasting
 + Level 9.2(8.5) Conjurations
 + Level 9.2(8.5) Air Magic
 - Level 3.0(2.4) Poison Magic


You had 11 spell levels left.
You knew the following spells:

 Your Spells              Type           Power        Failure   Level  Hunger
a - Poisonous Vapours     Pois/Air       ####..       1%          2    None
b - Sting                 Conj/Pois      ####         1%          1    None
c - Olgreb's Toxic Radia  Pois           ###.....     16%         4    ###....
d - Venom Bolt            Conj/Pois      ####......   13%         5    #####..
e - Mephitic Cloud        Conj/Pois/Air  ####....     1%          3    None
f - Sticks to Snakes      Tmut           #.......     7%          2    None


Dungeon Overview and Level Annotations

Branches:
Dungeon (9/15)             Temple (1/1) D:4             Orc (0/2) D:9
   Lair: D:8-11

Altars:
Ashenzari
Cheibriados
Dithmenos
Elyvilon
Fedhas
Gozag
Hepliaklqana
Kikubaaqudgha
Makhleb
Nemelex Xobeh
Okawaru
Qazlal
Ru
Sif Muna
Trog
Vehumet
Wu Jian
Xom
Yredelemnul
Zin
The Shining One

Shops:
D:4 ?   D:5 =   D:7 *?([

Annotations:
D:3 Kairos's ghost, amateur GnSk; Natasha
D:5 Menkaure


Innate Abilities, Weirdness & Mutations

You have a beak for a mouth.
You have claws for feet.
You can fly.


Message History

The orc priest shouts!
Casting: Poisonous Vapours (safe; 1% risk of failure)
Confirm with . or Enter, or press ? or * to list all spells.
Aiming: Poisonous Vapours (safe; 1% risk of failure)
Press: ? - help, Dir - move target cursor, f - orc priest
Aim: an orc priest, wielding a trident and wearing a leather armour Poisonous vapours surround the orc priest!
The freed slave hits the wight.
The orc priest is engulfed in poison gas.
The orc priest is poisoned.
The wight barely misses the freed slave.
Casting: Poisonous Vapours (safe; 1% risk of failure)
Confirm with . or Enter, or press ? or * to list all spells.
Aiming: Poisonous Vapours (safe; 1% risk of failure)
Press: ? - help, Dir - move target cursor, f/p - orc priest
Aim: an orc priest, wielding a trident and wearing a leather armour (lightly wounded, poisoned) Poisonous vapours surround the orc priest!
The orc priest is engulfed in poison gas.
The orc priest looks even sicker.
Casting: Poisonous Vapours (safe; 1% risk of failure)
Confirm with . or Enter, or press ? or * to list all spells.
Aiming: Poisonous Vapours (safe; 1% risk of failure)
Press: ? - help, Dir - move target cursor, f - cyclops, p - orc priest
Aim: a cyclops Poisonous vapours surround the cyclops!
The orc priest calls down the wrath of Beogh upon you.
Pain shoots through your body! The wight closely misses you.
The orc barely misses you.
The cyclops is engulfed in poison gas.
The cyclops is poisoned.
Casting: Poisonous Vapours (safe; 1% risk of failure)
Confirm with . or Enter, or press ? or * to list all spells.
Aiming: Poisonous Vapours (safe; 1% risk of failure)
Press: ? - help, Dir - move target cursor, f/p - cyclops
Aim: a cyclops (moderately wounded, poisoned) Poisonous vapours surround the cyclops!
The orc priest hits you from afar with a trident.
The wight hits you with a short sword.
* * * LOW HITPOINT WARNING * * *
You feel drained.
* * * LOW HITPOINT WARNING * * *
Casting: Poisonous Vapours (safe; 1% risk of failure)
Confirm with . or Enter, or press ? or * to list all spells.
Aiming: Poisonous Vapours (safe; 1% risk of failure)
Press: ? - help, Dir - move target cursor, f/p - cyclops
Aim: a cyclops (moderately wounded, poisoned) Poisonous vapours surround the cyclops!
The orc hits you from afar with a scythe.
* * * LOW HITPOINT WARNING * * *
The orc priest invokes the aid of Beogh against you.
Pain shoots through your body!
* * * LOW HITPOINT WARNING * * *
The cyclops is engulfed in poison gas.
The cyclops looks even sicker.
The wight hits you with a short sword!
* * * LOW HITPOINT WARNING * * *
You feel drained.
* * * LOW HITPOINT WARNING * * *
Casting: Poisonous Vapours (safe; 1% risk of failure)
Confirm with . or Enter, or press ? or * to list all spells.
Aiming: Poisonous Vapours (safe; 1% risk of failure)
Press: ? - help, Dir - move target cursor, f/p - cyclops
Aim: a cyclops (poison gas, moderately wounded, poisoned)
The poisonous vapours increase!
The orc priest hits you from afar with a trident.
You die...

### ### #.# #.# #.# #.# #.# #.#
#.################.#
#.#.)>.....(.......#
#.#.##############.#
######.#.##############.#########
.....(.(..(.Ccoz@................
######.#.#######..............###
##...(.........o..pp..........# #
..............................# #
#..#(......................######
...#(........########............
#..#.########.o #....#.######
#..#.# ### #....#.# # J....#
#....#.# #


You could see a cyclops, a centaur, a wight, an orc priest, an orc and 2 neutral
freed slaves.

Vanquished Creatures
  3 two-headed ogres (D:8)
  Pikel (D:9)
  Prince Ribbit (D:5)
  A spriggan (D:7)
  Edmund (D:4)
  A water moccasin (D:8)
  An orc warrior (D:3)
  Purgy (Sewer)
  A sky beast (D:7)
  A centaur (D:7)
  2 elf zombies (Ossuary)
  A gnoll sergeant (D:8)
  4 bullfrogs
  3 scorpions
  A howler monkey (D:9)
  4 crimson imps
  6 hounds
  5 orc priests
  A bullfrog skeleton (D:5)
  Jessica (D:2)
  Ijyb (D:5)
  2 iguanas
  4 worker ants
  5 orc wizards
  3 big kobold zombies (Ossuary)
  A hound skeleton (D:5)
  A howler monkey zombie (D:7)
  2 mummies (Ossuary)
  2 worker ant zombies
  7 gnolls
  12 adders
  A shadow imp (D:8)
  An ooze (D:3)
  An adder zombie (D:5)
  5 adder skeletons
  2 worms
  2 dart slugs
  6 leopard geckos
  25 orcs
  2 ball pythons
  5 giant cockroaches
  7 goblins
  9 hobgoblins
  6 jackals
  6 kobolds
  3 quokkas
  5 bats
  8 frilled lizards
  3 gnoll zombies (Ossuary)
  3 goblin zombies (Ossuary)
  2 hobgoblin zombies (Ossuary)
  An orc zombie (Ossuary)
  A quokka zombie (D:5)
  4 rats
188 creatures vanquished.

Notes
Turn   | Place    | Note
-------+----------+-------------------------------------------
     0 | D:1      | Amnesiac the Tengu Venom Mage began the quest for the Orb.
     0 | D:1      | Reached XP level 1. HP: 10/10 MP: 4/4
   218 | D:1      | Reached XP level 2. HP: 15/15 MP: 3/6
   222 | D:1      | Learned a level 2 spell: Poisonous Vapours
   328 | D:1      | Reached skill level 1 in Air Magic
   616 | D:2      | Reached XP level 3. HP: 16/19 MP: 2/7
   747 | D:2      | Reached skill level 1 in Fighting
   824 | D:2      | Found a stormy altar of Qazlal.
   824 | D:2      | Found a snail-covered altar of Cheibriados.
   866 | D:2      | Noticed Jessica
   868 | D:2      | Killed Jessica
   868 | D:2      | Reached XP level 4. HP: 26/26 MP: 3/8
  1100 | D:2      | Found a blossoming altar of Fedhas.
  1284 | D:2      | Found a burning altar of Makhleb.
  1287 | D:2      | Gained mutation: You can fly. [Tengu growth]
  1287 | D:2      | Reached XP level 5. HP: 31/31 MP: 2/9
  1394 | D:2      | Found a glowing golden altar of the Shining One.
  1961 | D:3      | Noticed an orc warrior
  2369 | D:3      | Killed an orc warrior
  2369 | D:3      | Reached XP level 6. HP: 16/37 MP: 2/10
  2796 | D:3      | Found a basalt altar of Yredelemnul.
  2798 | D:3      | Noticed Natasha
  2919 | D:3      | Reached skill level 5 in Dodging
  2960 | D:3      | Noticed Kairos's ghost (amateur GnSk)
  3111 | D:4      | Found a white marble altar of Elyvilon.
  3152 | D:4      | Learned a level 3 spell: Mephitic Cloud
  3222 | D:4      | Found a staircase to the Ecumenical Temple.
  3232 | Temple   | Entered the Ecumenical Temple
  3272 | Temple   | Became a worshipper of Sif Muna the Loreminder
  3398 | D:4      | Noticed Edmund
  3433 | D:4      | Killed Edmund
  3433 | D:4      | Reached XP level 7. HP: 32/42 MP: 1/11
  3583 | D:4      | Found Nehustrep's Magic Scroll Emporium.
  3591 | D:4      | Bought a scroll of identify for 20 gold pieces
  3591 | D:4      | Bought a scroll of remove curse for 30 gold pieces
  3591 | D:4      | Bought a scroll of noise for 10 gold pieces
  3591 | D:4      | Bought a scroll of amnesia for 35 gold pieces
  3591 | D:4      | Bought a scroll of immolation for 35 gold pieces
  4382 | D:5      | Entered Level 5 of the Dungeon
  4382 | D:5      | Noticed Prince Ribbit
  4402 | D:5      | Killed Prince Ribbit
  4402 | D:5      | Reached skill level 5 in Air Magic
  4644 | D:5      | Found a shimmering altar of Xom.
  4658 | D:5      | Reached XP level 8. HP: 48/48 MP: 13/15
  4725 | D:4      | Reached * piety under Sif Muna
  5040 | D:5      | Noticed Ijyb
  5077 | D:5      | Killed Ijyb
  5343 | D:5      | Noticed Menkaure
  5344 | D:5      | Found Gionk's Jewellery Shop.
  5408 | D:6      | Found a glowing drain.
  5431 | Sewer    | Entered a sewer
  5573 | Sewer    | Noticed Purgy
  5582 | Sewer    | Killed Purgy
  5582 | Sewer    | Reached skill level 5 in Conjurations
  5986 | D:6      | Found a glowing silver altar of Zin.
  6338 | D:4      | Bought a scroll of summoning for 95 gold pieces
  6944 | D:6      | Got a crude mace
  6982 | D:6      | Found a sacrificial altar of Ru.
  7187 | D:7      | Reached ** piety under Sif Muna
  7187 | D:7      | Reached skill level 5 in Spellcasting
  7187 | D:7      | Reached XP level 9. HP: 52/52 MP: 3/17
  7241 | D:7      | Found a sand-covered staircase.
  7543 | D:7      | Found Larghorow's Antique Weapon Boutique.
  7600 | Ossuary  | Entered an ossuary
  8214 | D:7      | Found Potutah's Magic Scroll Shoppe.
  8216 | D:7      | Found Ujet's Assorted Antiques.
  8219 | D:7      | Bought a scroll of enchant armour for 97 gold pieces
  8219 | D:7      | Bought a scroll of teleportation for 39 gold pieces
  8224 | D:7      | Bought a bound ivory ring for 140 gold pieces
  8224 | D:7      | Bought an embroidered robe for 103 gold pieces
  8236 | D:7      | Identified the ring "Furoqeig" {Wiz Str+3} (You bought it in a shop on level 7 of the Dungeon)
  8243 | D:7      | Learned a level 5 spell: Venom Bolt
  8248 | D:7      | Learned a level 4 spell: Olgreb's Toxic Radiance
  8502 | D:7      | Found Bogufitzic's Armour Emporium.
  8678 | D:8      | Found an iron altar of Okawaru.
  8680 | D:8      | Noticed a two-headed ogre
  8687 | D:8      | Killed a two-headed ogre
  8687 | D:8      | Reached *** piety under Sif Muna
  8783 | D:8      | Noticed a two-headed ogre
  8793 | D:8      | Killed a two-headed ogre
  8793 | D:8      | Reached XP level 10. HP: 13/56 MP: 3/23
  9245 | D:8      | Identified the cursed +2 mace of a ziggurat {crush, *Corrode Int+2 SInv} (You found it on level 6 of the Dungeon)
  9635 | D:8      | Found an opulent altar of Gozag.
  9693 | D:8      | Noticed a two-headed ogre
  9699 | D:8      | Killed a two-headed ogre
  9699 | D:8      | Reached **** piety under Sif Muna
  9877 | D:9      | Found a staircase to the Orcish Mines.
  9904 | D:9      | Noticed Pikel
  9914 | D:9      | Killed Pikel
 10066 | D:9      | Learned a level 2 spell: Sticks to Snakes
 10074 | D:9      | Noticed a cyclops
 10090 | D:9      | Slain by an orc priest

Vault maps used:
D:1:      dpeg_arrival_tiny_a, minmay_tetromino_o2
D:2:      lemuel_crystal_altar, old_standard_altar, makhleb_blood_cavern_becter,
          gammafunk_temple_overflow_wave, uniq_jessica
D:3:      nicolae_overflow_hidden_temple, uniq_natasha
D:4:      overflow_temple_1_default, temple_statues, first_ration, serial_shops,
          shop, uniq_edmund
D:5:      nicolae_overflow_crystal_walls, serial_glass, glass_columns_a,
          glass_columns_b, serial_shops, shop, uniq_ijyb, uniq_prince_ribbit1,
          uniq_menkaure
D:6:      zin_scriptorium, old_standard_altar, portal_sewer_entry_f
D:7:      enter_ossuary_2, serial_shops, nicolae_shop_behind_doors,
          nicolae_shop_trees, shop, shop, the_bakery, abandoned_shop
D:8:      lemuel_crystal_altar, kennysheep_okawaru_gauntlet,
          serial_co_window_serial, co_window_paths_a, co_window_paths_b,
          co_window_of_opportunity_a, co_window_paths_a, co_window_paths_b,
          co_window_corner_b, co_window_broadway_a, co_window_of_opportunity_b,
          co_window_of_opportunity_c, co_window_paths_c, co_window_sun,
          kennysheep_opposing_triangles
D:9:      minmay_distorted_concentric_squares, lemuel_round_altar,
          grunt_lair_entry_orc_guard_hut, orc_0_dummy, enter_bailey_7,
          uniq_pikel, uniq_erolcha
Temple:   kb_temple_of_zot
Sewer:    sewer_co_purgy_island
Ossuary:  minmay_ossuary_gauntlet

Skill      XL: |  1  2  3  4  5  6  7  8  9 10 |
---------------+-------------------------------+-----
Conjurations   | 2 3 7 8 9 |  9.2
Air Magic      | 2 3 4 5 7 8 9 |  9.2
Fighting       | 2 3 |  3.7
Dodging        | 4 5 |  5.2
Spellcasting   | 4 5 8 9 |  9.5
Stealth        | |  2.0
Poison Magic   | |  3.0

Action                   |  1- 3 |  4- 6 |  7- 9 | 10-12 || total
-------------------------+-------+-------+-------+-------++-------
Melee: Unarmed           |     4 |    38 |   131 |       ||   173
       Kick              |       |    11 |   101 |     9 ||   121
       Peck              |       |     5 |    69 |     5 ||    79
       Dagger            |       |       |   210 |    35 ||   245
Throw: Throwing net      |       |       |     1 |       ||     1
 Cast: Sting             |    14 |       |     1 |       ||    15
       Poisonous Vapours |    19 |    86 |   163 |    45 ||   313
       Venom Bolt        |       |       |       |    12 ||    12
Invok: Divine Energy     |       |       |     1 |       ||     1
 Abil: Fly               |       |       |     3 |       ||     3
Evoke: Wand              |       |       |     2 |       ||     2
  Use: Potion            |     1 |       |       |       ||     1
       Scroll            |       |       |     7 |     1 ||     8
  Eat: Chunk             |     1 |    14 |    23 |     6 ||    44
Armor: Robe              |     3 |     8 |     1 |       ||    12
       Leather armour    |       |       |   118 |    11 ||   129
Dodge: Dodged            |    11 |    56 |   279 |    44 ||   390

Table legend:
 A = Spawn XP
 B = Non-spawn XP
 C = Spawn XP percentage of total XP
 D = Spawn monster count
 E = Non-spawn monster count
 F = Spawn count percentage of total count
 G = Total turns spent on level
                    A         B        C        D         E        F      G
               +---------+---------+-------+---------+---------+-------+---------
         Total |       0 |    7368 |   0.0 |       0 |     188 |   0.0 | 10090
               +---------+---------+-------+---------+---------+-------+---------
           D:1 |       0 |      22 |   0.0 |       0 |      12 |   0.0 |   566
           D:2 |       0 |     145 |   0.0 |       0 |      16 |   0.0 |  1193
           D:3 |       0 |     361 |   0.0 |       0 |      36 |   0.0 |  1327
           D:4 |       0 |     401 |   0.0 |       0 |      21 |   0.0 |  1767
           D:5 |       0 |     774 |   0.0 |       0 |      22 |   0.0 |   827
           D:6 |       0 |     383 |   0.0 |       0 |      16 |   0.0 |   894
           D:7 |       0 |     697 |   0.0 |       0 |      18 |   0.0 |  1003
           D:8 |       0 |    3413 |   0.0 |       0 |      21 |   0.0 |  1202
           D:9 |       0 |     692 |   0.0 |       0 |       2 |   0.0 |   217
         Sewer |       0 |     166 |   0.0 |       0 |       8 |   0.0 |   501
       Ossuary |       0 |     314 |   0.0 |       0 |      16 |   0.0 |   520
               +---------+---------+-------+---------+---------+-------+---------
